 Dungeon Crawl Stone Soup version 0.25-a0-435-g4b9beb1024 (webtiles) character file.

Game seed: 6465892159704815237, levelgen mode: deterministic

2122 Elellon the Thaumaturge (level 9, -5/52 HPs)
             Began as a Deep Elf Conjurer on Jan 28, 2020.
             Slain by a rust devil (9 damage)
             ... on level 7 of the Dungeon.
             The game lasted 00:14:02 (7182 turns).

Elellon the Thaumaturge (Deep Elf Conjurer)         Turns: 7182, Time: 00:14:02

Health: -5/52      AC: -16   Str:  7    XL:     9   Next: 8%
Magic:  2/23       EV: 13    Int: 22    God:
Gold:   335        SH:  6    Dex: 15    Spells: 18/25 levels left

rFire    + . .     SeeInvis .   k - +2 flail (holy)
rCold    . . .     Gourm    .   b - +1 buckler
rNeg     . . .     Faith    .   a - +0 robe
rPois    .         Spirit   .   s - +0 helmet
rElec    .         Reflect  .   p - +0 cloak
rCorr    .         Harm     .   (no gloves)
MR       .....                  (no boots)
Stlth    ++........             (no amulet)
HPRegen  0.17/turn              f - ring of protection from fire
MPRegen  0.18/turn              (no ring)

@: corroded
A: no striking features
a: no special abilities


You were on level 7 of the Dungeon.
You were hungry.

You visited 1 branch of the dungeon, and saw 7 of its levels.

You collected 335 gold pieces.

Inventory:

Hand Weapons
 k - a +2 flail of holy wrath (weapon)
 v - a +2 short sword of protection
Missiles
 l - 31 poisoned darts (quivered)
Armour
 a - a +0 robe (worn)
 b - a +1 buckler (worn)
 p - a +0 cloak (worn)
 s - a +0 helmet (worn)
 y - cursed +0 steam dragon scales
Jewellery
 f - a ring of protection from fire (left hand)
Wands
 m - a wand of clouds (3)
 w - a wand of random effects (21)
Scrolls
 e - 7 scrolls of identify
 g - 2 scrolls of amnesia
 h - 2 scrolls of teleportation
 i - 4 scrolls of noise
 j - 2 scrolls of remove curse
 q - a scroll of enchant weapon {unknown}
 t - a scroll of magic mapping
 u - a scroll of fog {unknown}
 x - a scroll of blinking
 A - 3 scrolls of torment {unknown}
Potions
 d - a potion of magic {unknown}
 n - 2 potions of degeneration {unknown}
 o - a potion of haste {unknown}
 r - a potion of curing {unknown}
 z - a potion of heal wounds {unknown}
Comestibles
 c - 8 rations


   Skills:
 + Level 4.6 Fighting
 - Level 2.4 Dodging
 - Level 2.4 Stealth
 - Level 4.1 Shields
 + Level 8.9 Spellcasting
 + Level 8.3 Conjurations


You had 18 spell levels left.
You knew the following spells:

 Your Spells              Type           Power        Failure   Level  Hunger
a - Magic Dart            Conj           ####         1%          1    None
b - Searing Ray           Conj           #####.       1%          2    None
c - Iskenderun's Mystic   Conj/Tloc      ####....     12%         4    ##.....

Your spell library contained the following spells:

 Spells                   Type           Power        Failure   Level  Hunger
 Dazzling Flash           Conj/Hex       ####..       3%          3    None
 Fulminant Prism          Conj/Hex       ####......   12%         4    ##.....


Dungeon Overview and Level Annotations

Branches:
Dungeon (7/15)
 Temple: D:4-7

Altars:
Cheibriados
Dithmenos
Elyvilon
Kikubaaqudgha
Makhleb
Okawaru
Ru
Sif Muna


Message History

You block the rust devil's attack. The rust devil closely misses you.
The rust devil hits you. The rust devil corrodes you!
You closely miss the rust devil.
The rust devil is moderately wounded.
The rust devil hits you. The rust devil corrodes you!
The rust devil barely misses you. The rust devil hits you.
* * * LOW HITPOINT WARNING * * *
The rust devil corrodes you!
You are feeling hungry.
You hit the rust devil but do no damage.
The rust devil is moderately wounded.
The rust devil hits you!
* * * LOW HITPOINT WARNING * * *
The rust devil corrodes you! You block the rust devil's attack.
You hit the rust devil but do no damage.
The rust devil is lightly wounded.
The rust devil hits you.
* * * LOW HITPOINT WARNING * * *
The rust devil corrodes you! The rust devil hits you!
You die...

#.... #.#.... #.#..<. #.#.<..
#.#.### #. #### #####.#.[.. #
#. ..# ##......÷... . #. #4#
#.#......>.# #.#. #@#
#.#.....÷... ##.#. ######4#
#.#.#÷.#####
##....##...##.######...#.#####
##.....#..........(............
#......................######.#
........_..._...######.#
#...............# #.#
##....._..⌠.._..# #.#
#..............## #.#


You could see 2 rust devils.

Vanquished Creatures
  Maggie (D:6)
  Menkaure (D:4)
  Duvessa (D:6)
  2 ice beasts
  An orc warrior (D:6)
  A black bear (D:7)
  A phantom (D:4)
  A centaur (D:7)
  Blork the orc (D:6)
  2 bullfrogs
  Dowan (D:6)
  A scorpion (D:6)
  2 crimson imps (D:5)
  A hound (D:6)
  A jelly (D:6)
  2 orc wizards
  A bullfrog skeleton (D:7)
  4 iguanas
  5 worker ants
  11 gnolls
  Robin (D:3)
  9 adders
  A shadow imp (D:6)
  4 oozes
  An adder skeleton (D:5)
  A worm (D:3)
  A dart slug (D:2)
  3 leopard geckos
  10 orcs
  7 giant cockroaches
  15 goblins
  9 hobgoblins
  7 jackals
  5 kobolds
  3 quokkas
  A ball python (D:4)
  12 bats
  6 frilled lizards
  A jackal skeleton (D:4)
  2 leopard gecko skeletons
  7 rats
147 creatures vanquished.

Notes
Turn   | Place    | Note
-------+----------+-------------------------------------------
     0 | D:1      | Elellon the Deep Elf Conjurer began the quest for the Orb.
     0 | D:1      | Reached XP level 1. HP: 10/10 MP: 6/6
   208 | D:1      | Reached XP level 2. HP: 15/15 MP: 6/8
   239 | D:1      | Learned a level 2 spell: Searing Ray
  1096 | D:2      | Reached skill level 5 in Conjurations
  1096 | D:2      | Reached XP level 3. HP: 19/19 MP: 6/10
  1428 | D:2      | Reached XP level 4. HP: 24/24 MP: 1/12
  1531 | D:2      | Learned a level 4 spell: Iskenderun's Mystic Blast
  2412 | D:3      | Reached skill level 1 in Shields
  2416 | D:3      | Reached skill level 5 in Spellcasting
  2416 | D:3      | Reached XP level 5. HP: 28/28 MP: 2/14
  2416 | D:3      | Reached skill level 1 in Fighting
  3405 | D:3      | Noticed Robin
  3408 | D:3      | Killed Robin
  3408 | D:3      | Reached XP level 6. HP: 34/34 MP: 10/16
  3723 | D:3      | Noticed an ice beast
  3729 | D:3      | Killed an ice beast
  4271 | D:4      | Found a sacrificial altar of Ru.
  4331 | D:4      | Reached XP level 7. HP: 33/40 MP: 11/18
  4382 | D:4      | Found an iron altar of Okawaru.
  4441 | D:4      | Noticed Menkaure
  4448 | D:4      | Killed Menkaure
  4812 | D:5      | Entered Level 5 of the Dungeon
  5608 | D:5      | Found a shadowy altar of Dithmenos.
  5826 | D:6      | Reached XP level 8. HP: 46/46 MP: 14/20
  5943 | D:6      | Noticed Dowan
  5948 | D:6      | Noticed Duvessa
  5952 | D:6      | Noticed Blork the orc
  5961 | D:6      | Killed Duvessa
  5963 | D:6      | Killed Blork the orc
  5965 | D:6      | Killed Dowan
  6491 | D:6      | Noticed Maggie
  6504 | D:6      | Killed Maggie
  7103 | D:7      | Reached XP level 9. HP: 52/52 MP: 18/23
  7138 | D:7      | Found a shadowy altar of Dithmenos.
  7141 | D:7      | Found an ancient bone altar of Kikubaaqudgha.
  7142 | D:7      | Found a white marble altar of Elyvilon.
  7143 | D:7      | Found a burning altar of Makhleb.
  7143 | D:7      | Found a snail-covered altar of Cheibriados.
  7144 | D:7      | Found a shimmering blue altar of Sif Muna.
  7165 | D:6      | Noticed a rust devil
  7165 | D:6      | Noticed a rust devil
  7182 | D:7      | Slain by a rust devil

Levels and vault maps discovered:
D:1:      minmay_arrival_shattered_statue, layout_basic
D:2:      layout_basic, minivault_26, kennysheep_generic_room_5
D:3:      layout_loops_ring, uniq_robin
D:4:      layout_cave_pools, marbit_many_paths, nicolae_ru_path_of_blood,
          uniq_menkaure
D:5:      layout_cave_pools, first_ration, minmay_door_square,
          grunt_ministairs_13, grunt_dithmenos_smoke_and_mirrors
D:6:      cheibrodos_iron_armory, layout_cave_pools, hex_large,
          uniq_blork_the_orc, uniq_maggie, uniq_duvessa
D:7:      layout_loops_ring, grunt_temple_overflow_open,
          minmay_temple_entry_glass

Skill      XL: |  1  2  3  4  5  6  7  8 |
---------------+-------------------------+-----
Spellcasting   | 4 5 6 7 8 |  8.9
Conjurations   | 5 6 7 8 |  8.3
Shields        | 1 2 3 4 |  4.1
Fighting       | 1 2 3 4 |  4.6
Dodging        | |  2.4
Stealth        | |  2.4

Action                   |  1- 3 |  4- 6 |  7- 9 || total
-------------------------+-------+-------+-------++-------
Melee: Flail             |       |     5 |     6 ||    11
 Cast: Magic Dart        |    60 |   113 |    85 ||   258
       Searing Ray       |     1 |    23 |    31 ||    55
       Iskenderun's Myst |       |       |     3 ||     3
  Use: Scroll            |       |     8 |     1 ||     9
  Eat: Chunk             |     1 |     9 |     5 ||    15
       Ration            |       |       |     1 ||     1
Armor: Robe              |       |     1 |     1 ||     2
Dodge: Dodged            |     1 |    27 |    20 ||    48
Block: Buckler           |       |     9 |     9 ||    18

Table legend:
 A = Non-vault XP
 B = Vault XP
 C = Vault XP percentage of total XP
 D = Non-vault monster count
 E = Vault monster count
 F = Vault count percentage of total count
                 A         B        C        D         E       F
            +---------+---------+-------+---------+---------+-------
      Total |    1931 |    1101 |  36.3 |     126 |      21 |  14.3
            +---------+---------+-------+---------+---------+-------
        D:1 |      37 |       0 |   0.0 |      19 |       0 |   0.0
        D:2 |     144 |       6 |   4.0 |      30 |       2 |   6.2
        D:3 |     337 |      33 |   8.9 |      29 |      11 |  27.5
        D:4 |     287 |     172 |  37.5 |      18 |       1 |   5.3
        D:5 |     272 |      38 |  12.3 |       7 |       2 |  22.2
        D:6 |     439 |     852 |  66.0 |      14 |       5 |  26.3
        D:7 |     415 |       0 |   0.0 |       9 |       0 |   0.0
            +---------+---------+-------+---------+---------+-------
